General information
- name: BNet
- type: Ladder team game (AT/RT)
- host: Battle.net
- saver: PHTHALOBLUE
map: TwistedMeadows
- players: 4
- length: 21:19
- speed: Fast
- version: 1.21 W3XP
- replay type:

» download(162 KB)
Players
team 1 (loser)
v1]KaOtiCz (
blue | 86 APM | 1838 actions | 21:17)
3 Demon Hunter
2 Mana Burn
1 Evasion
3 Naga Sea Witch
2 Frost Arrows
1 Forked Lightning
» actions
| Assign group hotkey | 39 | |
| Basic commands | 3 | |
| Build / train | 73 | |
| ESC pressed | 3 | |
| Enter build submenu | 16 | |
| Enter hero's abilities submenu | 7 | |
| Right click | 924 | |
| Select / deselect | 405 | |
| Select group hotkey | 269 | |
| Use ability | 99 | |
1838 total
» units
| Wisp | 15 | |
| Huntress | 10 | |
| Dryad | 4 | |
| Druid of the Claw | 5 | |
| Faerie Dragon | 7 | |
41 total
» upgrades
| Abolish Magic | 1 | |
| Druid of the Claw Training | 2 | |
3 total
» buildings
| Altar of Elders | 1 | |
| Moon Well | 5 | |
| Ancient of War | 2 | |
| Hunter's Hall | 1 | |
| Tree of Ages | 1 | |
| Ancient Protector | 1 | |
| Ancient of Lore | 2 | |
| Tree of Eternity | 1 | |
| Ancient of Wind | 2 | |
| Ancient of Wonders | 1 | |
17 total
» build order
00:07 Altar of Elders
00:10 Moon Well
00:49 Ancient of War
01:44 Moon Well
02:38 Hunter's Hall
02:40 Ancient of War
02:52 Moon Well
05:20 Tree of Ages
07:36 Ancient Protector
07:42 Ancient of Lore
07:43 Ancient of Lore
08:03 Tree of Eternity
08:34 Moon Well
11:43 Moon Well
14:54 Ancient of Wind
16:11 Ancient of Wonders
16:14 Ancient of Wind
» items
| Boots of Speed | 1 | |
| Dust of Appearance | 1 | |
| Healing Salve | 2 | |
| Scroll of Speed | 2 | |
| Lesser Clarity Potion | 1 | |
| Scroll of Healing | 2 | |
| Potion of Lesser Invulnerability | 1 | |
| Scroll of Town Portal | 1 | |
| Potion of Healing | 1 | |
12 total
v1]Shiru. (
purple | 136 APM | 2903 actions | 21:16)
4 Blademaster
2 Wind Walk
2 Critical Strike
4 Naga Sea Witch
2 Frost Arrows
2 Forked Lightning
» actions
| Assign group hotkey | 74 | |
| Basic commands | 165 | |
| Build / train | 90 | |
| Enter build submenu | 14 | |
| Enter hero's abilities submenu | 8 | |
| Give item / drop item | 4 | |
| Right click | 1284 | |
| Select / deselect | 375 | |
| Select group hotkey | 727 | |
| Use ability | 162 | |
2903 total
» units
| Peon | 7 | |
| Grunt | 12 | |
| Raider | 4 | |
| Spirit Walker | 4 | |
| Kodo Beast | 3 | |
| Wind Rider | 5 | |
35 total
» upgrades
| Berserker Strength | 1 | |
| Ensnare | 1 | |
| Spirit Walker Training | 1 | |
3 total
» buildings
| Altar of Storms | 1 | |
| Orc Burrow | 5 | |
| Barracks | 2 | |
| Stronghold | 3 | |
| Voodoo Lounge | 1 | |
| Beastiary | 2 | |
| Spirit Lodge | 1 | |
| War Mill | 1 | |
| Great Hall | 1 | |
17 total
» build order
00:11 Altar of Storms
00:20 Orc Burrow
00:35 Barracks
00:40 Barracks
01:32 Orc Burrow
02:42 Stronghold
02:43 Stronghold
02:59 Voodoo Lounge
03:38 Orc Burrow
06:20 Beastiary
06:43 Spirit Lodge
07:15 Orc Burrow
10:21 War Mill
10:37 Orc Burrow
11:18 Great Hall
16:10 Beastiary
» items
| Boots of Speed | 3 | |
| Dust of Appearance | 1 | |
| Healing Salve | 8 | |
| Lesser Clarity Potion | 11 | |
| Scroll of Speed | 5 | |
| Scroll of Town Portal | 6 | |
| Scroll of Protection | 1 | |
35 total
team 2 (winner)

»
Mata. (
teal | 211 APM | 4486 actions | 21:18)
6 Archmage
3 Summon Water Elemental
2 Brilliance Aura
1 Mass Teleport
5 Mountain King
3 Storm Bolt
2 Bash
» actions
| Assign group hotkey | 344 | |
| Basic commands | 229 | |
| Build / train | 101 | |
| ESC pressed | 7 | |
| Enter build submenu | 23 | |
| Enter hero's abilities submenu | 11 | |
| Give item / drop item | 2 | |
| Right click | 1682 | |
| Select / deselect | 827 | |
| Select group hotkey | 1110 | |
| Use ability | 150 | |
4486 total
» units
| Peasant | 18 | |
| Footman | 8 | |
| Sorceress | 8 | |
| Priest | 5 | |
| Mortar Team | 8 | |
47 total
» upgrades
| Sorceress Training | 2 | |
| Priest Training | 2 | |
| Fragmentation Shards | 1 | |
| Flare | 1 | |
| Gunpowder | 1 | |
| Armor | 1 | |
8 total
» buildings
| Altar of Kings | 1 | |
| Barracks | 1 | |
| Farm | 10 | |
| Keep | 2 | |
| Arcane Vault | 1 | |
| Town Hall | 1 | |
| Scout Tower | 1 | |
| Arcane Sanctum | 2 | |
| Arcane Tower | 4 | |
| Lumber Mill | 1 | |
| Blacksmith | 1 | |
| Guard Tower | 3 | |
| Workshop | 1 | |
| Castle | 1 | |
30 total
» build order
00:04 Altar of Kings
00:18 Barracks
00:21 Farm
01:07 Farm
02:46 Keep
02:48 Farm
02:49 Farm
04:49 Arcane Vault
04:58 Town Hall
05:06 Scout Tower
05:54 Arcane Sanctum
06:10 Arcane Tower
08:47 Lumber Mill
08:52 Arcane Sanctum
09:19 Arcane Tower
09:19 Arcane Tower
10:18 Blacksmith
10:20 Guard Tower
10:20 Guard Tower
11:44 Workshop
11:46 Farm
11:46 Farm
11:48 Farm
12:16 Castle
15:42 Farm
15:43 Farm
15:43 Farm
» items
| Scroll of Regeneration | 1 | |
| Scroll of Town Portal | 3 | |
| Ivory Tower | 2 | |
| Scroll of Healing | 2 | |
| Scroll of Protection | 1 | |
| Potion of Lesser Invulnerability | 1 | |
| Staff of Sanctuary | 1 | |
11 total
PHTHALOBLUE (
pink | 152 APM | 3249 actions | 21:19)
4 Demon Hunter
2 Mana Burn
2 Evasion
5 Keeper of the Grove
3 Entangling Roots
2 Thorns Aura
» actions
| Assign group hotkey | 37 | |
| Basic commands | 84 | |
| Build / train | 67 | |
| ESC pressed | 2 | |
| Enter build submenu | 15 | |
| Enter hero's abilities submenu | 10 | |
| Give item / drop item | 2 | |
| Right click | 1419 | |
| Select / deselect | 484 | |
| Select group hotkey | 1030 | |
| Use ability | 99 | |
3249 total
» units
| Wisp | 14 | |
| Archer | 1 | |
| Huntress | 8 | |
| Dryad | 8 | |
| Druid of the Claw | 8 | |
39 total
» upgrades
| Abolish Magic | 1 | |
| Druid of the Claw Training | 2 | |
| Ultravision | 1 | |
| Strength of the Wild | 1 | |
| Reinforced Hides | 1 | |
6 total
» buildings
| Altar of Elders | 1 | |
| Moon Well | 6 | |
| Ancient of War | 1 | |
| Hunter's Hall | 1 | |
| Tree of Ages | 2 | |
| Ancient of Lore | 3 | |
| Ancient of Wonders | 1 | |
| Tree of Eternity | 1 | |
| Tree of Life | 2 | |
18 total
» build order
00:16 Altar of Elders
00:18 Moon Well
00:53 Ancient of War
01:51 Hunter's Hall
02:40 Moon Well
03:11 Moon Well
03:47 Moon Well
04:05 Tree of Ages
04:05 Tree of Ages
07:15 Ancient of Lore
08:21 Ancient of Lore
08:32 Ancient of Lore
08:34 Ancient of Wonders
10:13 Tree of Eternity
11:56 Moon Well
11:57 Moon Well
17:49 Tree of Life
19:40 Tree of Life
» items
| Staff of Preservation | 1 | |
| Potion of Healing | 1 | |
| Orb of Venom | 1 | |
| Scroll of Town Portal | 2 | |
| Boots of Speed | 1 | |
6 total
Chat log
(00:03 / Allies) PHTHALOBLUE: bat
(00:07 / Allies) PHTHALOBLUE: you could take one base at least
(00:09 / Allies) Mata.: orc v ne is so impossible thugh
(00:12 / Allies) PHTHALOBLUE: yes
(00:14 / Allies) Mata.: gimmicking sure
(00:22 / All) PHTHALOBLUE: gl | hf
(00:24 / All) v1]KaOtiCz: u2
(00:32 / All) v1]KaOtiCz: ex]Matta?
(00:35 / Allies) PHTHALOBLUE: lmao
(00:39 / Allies) PHTHALOBLUE: whatsa matta u
(00:43 / Allies) Mata.: v_v;
(00:45 / Allies) Mata.: what races they/
(00:49 / Allies) PHTHALOBLUE: ran ran maybe
(00:55 / Allies) Mata.: getting some castr
(00:59 / Allies) Mata.: ic
(01:11 / Allies) PHTHALOBLUE: why he do that
(01:12 / Allies) Mata.: i will bring some towers
(01:13 / Allies) Mata.: and shite
(01:25 / Allies) PHTHALOBLUE: hes not delaying my hunt
(01:25 / Allies) Mata.: don't let him get to trees
(01:27 / Allies) Mata.: if at all posible
(01:28 / Allies) PHTHALOBLUE: wont
(01:34 / Allies) Mata.: they're gonna send heroes and maybe towers
(01:42 / Allies) PHTHALOBLUE: should i make second aow
(01:45 / Allies) Mata.: idunno
(01:51 / Allies) Mata.: like i said didn't catch races
(01:53 / Allies) Mata.: he probably is though
(01:59 / Allies) Mata.: share please
(02:18 / Allies) Mata.: milits etc sent
(02:40 / Allies) Mata.: sending milit home
(03:03 / Allies) Mata.: blade dh
(03:21 / Allies) Mata.: share sometime
(03:40 / Allies) PHTHALOBLUE: teching?
(03:48 / Allies) Mata.: i saw some
(03:50 / Allies) Mata.: grunts
(03:51 / Allies) Mata.: but no ne units
(04:02 / Allies) Mata.: i mean he blew aow early
(04:05 / Allies) Mata.: so maybe tech but not too fast
(04:11 / Allies) PHTHALOBLUE: i yam tehcin now
(04:19 / Allies) PHTHALOBLUE: scouting nelf
(04:23 / Allies) PHTHALOBLUE: putting pressure on him
(05:13 / Allies) Mata.: i need mad lumbre
(05:42 / Allies) Mata.: seriously
(05:43 / Allies) Mata.: lum please
(05:48 / Allies) PHTHALOBLUE: ok no aol fo rme
(08:17 / Allies) Mata.: nj
(08:20 / Allies) Mata.: walken
(10:33 / Allies) Mata.: heal that hunt
(11:18 / Allies) Mata.: the good boots
(11:20 / Allies) Mata.: getting some morts or gonna try
(11:23 / Allies) PHTHALOBLUE: aite
(12:38 / Allies) Mata.: mor bear
(12:45 / Allies) PHTHALOBLUE: wells going up
(12:51 / Allies) PHTHALOBLUE: getting orb
(13:17 / Allies) Mata.: tped
(13:22 / Allies) PHTHALOBLUE: ill tp
(13:26 / Allies) Mata.: go
(13:27 / Allies) Mata.: now
(14:48 / Allies) Mata.: heal up and get ready imho
(14:51 / Allies) PHTHALOBLUE: getting some more yadder
(15:06 / Allies) Mata.: ar eu ready?
(15:09 / Allies) PHTHALOBLUE: no
(15:11 / Allies) PHTHALOBLUE: got 0 heroes
(15:15 / Allies) Mata.: o
(15:58 / Allies) PHTHALOBLUE: scoutin they expo
(16:02 / Allies) Mata.: good
(16:26 / Allies) Mata.: they there
(16:32 / Allies) PHTHALOBLUE: fuckkkkkk
(16:35 / Allies) Mata.: wow
(16:36 / Allies) Mata.: tped again
(16:57 / Allies) PHTHALOBLUE: kodo
(17:11 / Allies) Mata.: we got em
(18:09 / Allies) Mata.: take circ
(18:15 / Allies) Mata.: haha that's so manner
(18:49 / Allies) Mata.: did you buy tp?
(18:52 / Allies) PHTHALOBLUE: si
(18:57 / Allies) Mata.: sw3ll
(19:31 / Allies) PHTHALOBLUE: gold
(19:31 / Allies) PHTHALOBLUE: fuck
(19:46 / Allies) Mata.: flares
(19:47 / Allies) Mata.: need to die
(19:50 / Allies) PHTHALOBLUE: on it
(20:14 / Allies) Mata.: spells off
(21:13 / All) v1]KaOtiCz: Gg
(21:16 / All) Mata.: gg